 Dungeon Crawl Stone Soup version 0.30.1-4-g462c640d31 (webtiles) character file.

Game seed: 3952324881791298509

77 Zeor the Magician (level 4, -7/25 HPs)
             Began as a Deep Elf Air Elementalist on Aug 21, 2023.
             Mangled by Natasha (8 damage)
             ... on level 2 of the Dungeon.
             The game lasted 00:03:40 (1113 turns).

Zeor the Magician (Deep Elf Air Elementalist)       Turns: 1113, Time: 00:03:40

Health: -7/25      AC:  3    Str:  5    XL:     4   Next: 14%
Magic:  0/11       EV: 12    Int: 20    God:
Gold:   55         SH:  0    Dex: 17    Spells: 4/10 levels left

rFire   . . .        l - +0 rapier
rCold   . . .        (no shield)
rNeg    . . .        j - +0 leather armour
rPois   .            (no helmet)
rElec   .            (no cloak)
rCorr   .            (no gloves)
SInv    .            (no boots)
Will    .....        (no amulet)
Stlth   ++           (no ring)
HPRegen 0.24/turn    (no ring)
MPRegen 0.12/turn

%: no passive effects
@: very slightly contaminated, slowed, very slow
A: no striking features
a: no special abilities


You were on level 2 of the Dungeon.
You visited 1 branch of the dungeon, and saw 2 of its levels.

You collected 55 gold pieces.

Inventory:

Hand Weapons
 l - a +0 rapier (weapon)
Missiles
 k - 3 datura-tipped darts
Armour
 g - an orb of mayhem
 j - a +0 leather armour (worn)
Scrolls
 e - a scroll of silence {unknown}
 h - 2 scrolls of fear {unknown}
Potions
 a - a potion of haste
 d - a potion of brilliance {unknown}
 i - a potion of curing {unknown}


   Skills:
 * Level 1.0 Fighting
 + Level 0.1 Short Blades
 + Level 0.1 Armour
 + Level 2.6 Dodging
 + Level 2.7 Stealth
 + Level 3.9 Spellcasting
 + Level 1.7 Conjurations
 + Level 3.8 Air Magic


You had 4 spell levels left.
You knew the following spells:

 Your Spells              Type           Power      Damage    Failure   Level
d - Static Discharge      Conj/Air       30%        2-4/arc   11%         2
f - Swiftness             Air            19%        N/A       14%         3
s - Shock                 Conj/Air       60%        1d6       7%          1

Your spell library contained the following spells:

 Spells                   Type           Power      Damage    Failure   Level
 Airstrike                Air            9%         2d(2-18)  41%         4


Dungeon Overview and Level Annotations

Branches:
Dungeon (2/15)

Altars:

Shops:
D:1 =

Annotations:
D:2 Natasha


Message History

Confirm with . or Enter, or press ? or * to list all spells.
Aiming: Shock (safe; 7% risk of failure)
Press: ? - help, Shift-Dir - straight line, f/p - Natasha
Aim: Natasha (heavily wounded, 64% to hit)
You miscast Shock.
Nothing appears to happen.
Casting: Shock (safe; 7% risk of failure)
Confirm with . or Enter, or press ? or * to list all spells.
Aiming: Shock (safe; 7% risk of failure)
Press: ? - help, Shift-Dir - straight line, f/p - Natasha
Aim: Natasha (heavily wounded, 64% to hit)
The zap misses Natasha.
Natasha extends her claws.
Natasha stares at you and mumbles some strange words.
The magic dart hits you!
Casting: Shock (safe; 7% risk of failure)
Confirm with . or Enter, or press ? or * to list all spells.
You miscast Static Discharge.
Nothing appears to happen.
Natasha stares at you and mumbles some strange words.
You resist with some effort.
Casting: Static Discharge (safe; 11% risk of failure)
Confirm with . or Enter, or press ? or * to list all spells.
You miscast Static Discharge.
Nothing appears to happen.
Natasha claws you!
* * * LOW HITPOINT WARNING * * *
Natasha mumbles some strange words.
Casting: Static Discharge (safe; 11% risk of failure)
Confirm with . or Enter, or press ? or * to list all spells.
Natasha is struck by an arc of lightning.
Natasha is severely wounded.
You are struck by an arc of lightning.
* * * LOW HITPOINT WARNING * * *
The lightning grounds out.
The cerulean imp hits you but does no damage.
Natasha casts a spell.
You hit Natasha but do no damage.
Natasha is severely wounded.
Natasha drinks a potion.
Natasha is healed!
The cerulean imp hits you from afar with a +0 spear.
* * * LOW HITPOINT WARNING * * *
The cerulean imp closely misses you. Natasha claws you!
You die... ▒▒▒ ▒▒▒▒▒▒▒▒▒ ∙∙▒ ∙∙∙∙ ∙∙∙∙

▒∙∙ ▒∙∙ ∙∙▒ ▒∙∙ ▒▒∙▒
▒∙▒▒▒▒▒▒▒▒▒▒ ∙∙▒
▒∙∙▒▒▒▒▒∙▒∙∙∙5∙∙∙∙∙
∙∙▒▒▒▒∙∙∙†∙)∙∙∙∙eh∙∙∙∙▒
∙∙∙∙∙∙^∙▒▒▒▒▒∙†∙∙∙∙∙∙∙▒
∙∙▒▒▒▒∙▒▒▒ ▒∙∙∙<∙5∙∙∙▒


∙∙∙∙∙∙∙∙∙∙ ▒∙∙∙∙∙∙∙∙∙▒ ∙∙▒▒▒▒▒▒▒▒ ▒∙∙∙∙∙∙∙∙∙▒ ∙∙▒ ∙∙∙▒■▒■▒∙∙∙∙ ∙∙▒ ∙∙∙∙∙ ∙∙∙∙
∙∙▒ ∙∙∙∙∙∙ ∙∙∙ ▒∙▒ You could see Natasha and 2 cerulean imps.

Vanquished Creatures
  Jessica (D:2)
  Natasha (D:2)
  An adder (D:2)
  A dart slug (D:1)
  A bat (D:1)
  3 goblins
  A hobgoblin (D:1)
  A quokka (D:1)
  A ball python (D:1)
  4 kobolds
  5 rats
20 creatures vanquished.

Notes
Turn   | Place    | Note
-------+----------+-------------------------------------------
     0 | D:1      | Zeor the Deep Elf Air Elementalist began the quest for the
                  | Orb.
     0 | D:1      | Reached XP level 1. HP: 10/10 MP: 6/6
   257 | D:1      | Reached XP level 2. HP: 15/15 MP: 2/8
   317 | D:1      | Learned a level 2 spell: Static Discharge
   321 | D:1      | Found Obor's Jewellery Shop.
   750 | D:2      | Noticed Jessica
   757 | D:2      | Killed Jessica
   758 | D:2      | Reached XP level 3. HP: 9/20 MP: 1/9
   844 | D:2      | Learned a level 3 spell: Swiftness
  1005 | D:2      | Noticed Natasha
  1014 | D:2      | HP: 1/20 [Natasha/magic dart (8)]
  1018 | D:2      | Killed Natasha
  1019 | D:2      | Reached skill level 1 in Fighting
  1019 | D:2      | Reached XP level 4. HP: 6/25 MP: 7/11
  1101 | D:2      | Noticed Natasha
  1113 | D:2      | HP: 1/25 [cerulean imp/+0 spear[Natasha] (3)]
  1113 | D:2      | Mangled by Natasha

Illustrated notes

Levels and vault maps discovered:
D:1:      dpeg_arrival_arbitrary_c, layout_rooms, serial_shops, shop,
          palyth_stone_intersect
D:2:      layout_basic, minmay_misc_feat_x, small_statue_intersection,
          uniq_natasha, uniq_jessica

Skill      XL: |  1  2  3 |
---------------+----------+-----
Fighting       | 1 |  1.0
Short Blades   | |  0.1
Armour         | |  0.1
Dodging        | |  2.6
Stealth        | |  2.7
Spellcasting   | |  3.9
Conjurations   | |  1.7
Air Magic      | |  3.8

Action                     |  1- 3 |  4- 6 || total
---------------------------+-------+-------++-------
  Melee: Rapier            |     4 |     1 ||     5
   Cast: Shock             |    37 |     4 ||    41
         Static Discharge  |     7 |     1 ||     8
    Use: Potion            |     4 |       ||     4
 Armour: Leather armour    |     1 |     1 ||     2
  Dodge: Dodged            |    12 |     1 ||    13
